 Dungeon Crawl Stone Soup version 0.31-a0-667-g39726597b9 (webtiles) character file.

Game seed: 13741957392409721995

7 Bravepunisher the Ducker (level 1, -1/11 HPs)
             Began as a Spriggan Monk on Sept 3, 2023.
             Killed by nerve-wracking pain
             ... invoked by an orc priest
              (9 damage)
             ... on level 5 of the Dungeon.
             The game lasted 00:02:06 (399 turns).

Bravepunisher the Ducker (Spriggan Monk)             Turns: 399, Time: 00:02:08

Health: -1/11      AC:  2    Str:  7    XL:     1   Next: 83%
Magic:  2/2        EV: 19    Int: 11    God:
Gold:   17         SH:  0    Dex: 17    Spells: 0/0 levels left

rFire   . . .        a - +0 short sword
rCold   . . .        d - orb {light}
rNeg    . . .        b - +0 robe
rPois   .            (helmet restricted)
rElec   .            (no cloak)
rCorr   .            (gloves unavailable)
SInv    +            (boots unavailable)
Will    .....        (no amulet)
Stlth   +            (no ring)
HPRegen 0.21/turn    (no ring)
MPRegen 0.08/turn

%: no passive effects
@: glowing, very quick
A: very small, no large weapons, unfitting armour, see invisible, speed 3
a: no special abilities


You were on level 5 of the Dungeon.
You visited 1 branch of the dungeon, and saw 6 of its levels.

You collected 17 gold pieces.

Inventory:

Hand Weapons
 a - a +0 short sword (weapon)
Armour
 b - a +0 robe (worn)
 d - an orb of light (worn)
Scrolls
 e - a scroll of noise {unknown}
Potions
 c - a potion of ambrosia


   Skills:
 + Level 2.5 Fighting
 - Level 3.2 Short Blades
 * Level 4.4 Dodging


You couldn't memorise any spells.
You didn't know any spells.
Your spell library contained the following spells:

 Spells                   Type           Power      Damage    Failure   Level
 Lesser Beckoning         Tloc           0%         N/A       47%         2
 Gell's Gravitas          Tloc           0%         N/A       71%         3
 Teleport Other           Tloc           0%         N/A       71%         3


Dungeon Overview and Level Annotations

Branches:
Dungeon (6/15)
 Temple: D:4-7

Altars:


Innate Abilities, Weirdness & Mutations

You are very small and have problems with some larger weapons.
You are too small for most types of armour.
You have supernaturally acute eyesight. (SInv)
You cover ground extremely quickly. (Speed+++)


Message History

You hit the quokka.
The quokka is lightly wounded.
The quokka bites you.
You hit the quokka.
The quokka is almost dead.
The quokka closely misses you.
You completely miss the quokka.
The quokka is almost dead.
The quokka barely misses you.
You hit the quokka.
You kill the quokka!
You see here a quokka corpse.
A quokka comes into view.
You hit the quokka.
The quokka is heavily wounded.
The quokka closely misses you.
You hit the quokka.
You kill the quokka!
You open the door.
There is an open door here.
As you open the door, it creaks loudly!
There is an open door here.
You open the door.
A howler monkey, an orc priest and 2 orcs come into view.
The howler monkey howls!
The orc shouts!
The orc priest shouts!
The orc shouts!
The howler monkey hoots and howls with incredible vigour!
The orc throws a boomerang.
The boomerang closely misses you.
Found a stone staircase leading down.
Unknown command.
There is an open door here.
You hit the orc.
The orc is lightly wounded.
The howler monkey hoots and howls with incredible vigour!
You hit the orc but do no damage.
The orc is lightly wounded.
The orc hits you with a +0 morningstar.
The orc priest calls down the wrath of Beogh upon you.
Pain shoots through your body!
Ouch! That really hurt!
You die...

###### #.....
#####..... #.........
###### #......###
#....o########......###
#....o@......'......'..
#..>.o########......###
#...h. #......# #.....
######## ###+##


You could see a howler monkey (catching breath), an orc priest and 2 orcs.

Vanquished Creatures
  A hobgoblin (D:2)
  A kobold (D:1)
  2 quokkas (D:5)
  A ball python (D:1)
  A frilled lizard (D:1)
6 creatures vanquished.

Notes
Turn   | Place    | Note
-------+----------+-------------------------------------------
     0 | D:1      | Bravepunisher the Spriggan Monk began the quest for the
                  | Orb.
     0 | D:1      | Reached XP level 1. HP: 11/11 MP: 2/2
   127 | D:4      | Noticed a scorpion
   133 | D:4      | Noticed a hound
   133 | D:4      | Noticed a jelly
   161 | D:4      | Noticed a sleepcap
   201 | D:5      | Entered Level 5 of the Dungeon
   272 | D:5      | Noticed a hound
   272 | D:5      | Noticed a centaur
   277 | D:5      | Noticed an ogre
   285 | D:5      | Noticed an ice beast
   334 | D:5      | Noticed a hound
   396 | D:5      | Noticed a howler monkey
   396 | D:5      | Noticed an orc priest
   399 | D:5      | Killed from afar by an orc priest

Illustrated notes

Levels and vault maps discovered:
D:1:      dpeg_arrival_oval, layout_loops_corners
D:2:      minmay_roachtagon, layout_basic, minmay_misc_feat_nine_boxes
D:3:      layout_rooms, uniq_natasha, uniq_jessica, uniq_terence
D:4:      layout_rooms, mainiacjoe_overflow_24_doors,
          minmay_temple_entry_enclosed_plants, uniq_menkaure
D:5:      cheibrodos_barr_body, layout_basic, gup_sewer_entry_glass
D:6:      layout_basic, gammafunk_ghost_smash, serial_shops, shop, uniq_duvessa

Action                     || total
---------------------------++-------
  Melee: Short sword       ||    16
 Armour: Robe              ||     4
  Dodge: Dodged            ||    22

Table legend: (Time is in decaauts)
 A = Elapsed time spent in this place.
 B = Non-inter-level travel time spent in this place.
 C = Inter-level travel time spent in this place.
 D = Time resting spent in this place.
 E = Time spent auto-exploring this place.
 F = Levels seen in this place.
 G = Mean time per level.
                   A        B        C        D        E       F      G
               +--------+--------+--------+--------+--------+-----+--------+
         Total |    265 |    265 |      0 |     28 |     77 |   6 |   44.2 |
       Dungeon |    265 |    265 |      0 |     28 |     77 |   6 |   44.2 |
               +--------+--------+--------+--------+--------+-----+--------+

Top non-repeatable levels by time:
     D:5: 114 daAuts
     D:4: 56 daAuts
     D:1: 46 daAuts
     D:6: 21 daAuts
     D:2: 20 daAuts
     D:3: 6 daAuts
